 Dungeon Crawl Stone Soup version 0.25-a0-246-g58704a1ebd (webtiles) character file.

Game seed: 7583664868036305363, levelgen mode: deterministic

2878 floatRand the Cleaver (level 9, 0/63 HPs)
             Began as a Demonspawn Monk on Dec 3, 2019.
             Was a Believer of Qazlal.
             Slain by an orc warrior
             ... wielding a cursed +0 dire flail
              (19 damage)
             ... on level 8 of the Dungeon.
             The game lasted 00:14:29 (8037 turns).

floatRand the Cleaver (Demonspawn Monk)             Turns: 8037, Time: 00:14:30

Health: 0/63       AC:  9    Str: 14    XL:     9   Next: 48%
Magic:  9/13       EV: 11    Int: 11    God:    Qazlal [**....]
Gold:   336        SH:  2    Dex: 17    Spells: 8/8 levels left

rFire    + + .     SeeInvis .   d - +4 falchion (drain)
rCold    + . .     Gourm    .   (no shield)
rNeg     . . .     Faith    .   p - +1 scale mail {rF+}
rPois    .         Spirit   .   (no helmet)
rElec    +         Reflect  .   j - +0 cloak
rCorr    .         Harm     .   (no gloves)
MR       .....                  (no boots)
Stlth    ++........             (no amulet)
HPRegen  0.20/turn              n - ring of protection from cold
MPRegen  0.13/turn              u - ring of protection from fire

@: no status effects
A: talons 2, nightstalker 1, powered by death 2, electricity resistance
a: Upheaval, Renounce Religion


You were on level 8 of the Dungeon.
You worshipped Qazlal.
Qazlal was pleased with you.
You were not hungry.

You visited 2 branches of the dungeon, and saw 9 of its levels.
You also visited: Sewer.

You collected 336 gold pieces.

Inventory:

Hand Weapons
 a - a +1 hand axe
 d - a +4 falchion of draining (weapon)
 k - a +7 vampiric dagger
Armour
 j - a +0 cloak (worn)
 p - a +1 scale mail of fire resistance (worn)
 q - the +2 leather armour of Ycuires {rC+}
   (You found it on level 6 of the Dungeon)

   It protects you from cold.
 t - a +1 pair of boots
 v - a +2 robe of magic resistance
Jewellery
 n - a ring of protection from cold (left hand)
 u - a ring of protection from fire (right hand)
 y - an uncursed ring of protection from cold
Scrolls
 b - a scroll of noise {unknown}
 e - a scroll of blinking
 f - 4 scrolls of remove curse
 i - 2 scrolls of teleportation
 m - a scroll of magic mapping
 r - a scroll of amnesia
Potions
 o - a potion of resistance {unknown}
 s - a potion of lignification {unknown}
Comestibles
 c - 12 rations
 x - a chunk of flesh


   Skills:
 - Level 3.0 Fighting
 + Level 9.4 Axes
 - Level 5.7 Armour
 + Level 4.1 Dodging
 - Level 1.7 Stealth
 * Level 6.2 Invocations


You had 8 spell levels left.
You didn't know any spells.
Your spell library contained the following spells:

 Spells                   Type           Power        Failure   Level  Hunger
 Foxfire                  Conj/Fire      #...         78%         1    ##.....
 Magic Dart               Conj           #...         78%         1    ##.....
 Blink                    Tloc           N/A          89%         2    ###....
 Call Imp                 Summ           #.......     89%         2    ###....
 Slow                     Hex            #.......     89%         2    ###....
 Conjure Flame            Conj/Fire      #.......     98%         3    ####...
 Inner Flame              Hex/Fire       #.......     98%         3    ####...
 Mephitic Cloud           Conj/Pois/Air  #.......     98%         3    ####...
 Sticky Flame             Conj/Fire      #.......     100%        4    #####..
 Fireball                 Conj/Fire      #.........   100%        5    ######.


Dungeon Overview and Level Annotations

Branches:
Dungeon (8/15)             Temple (1/1) D:4           Sewer (visited)
   Lair: D:8-11

Altars:
Ashenzari
Cheibriados
Elyvilon
Fedhas
Gozag
Hepliaklqana
Kikubaaqudgha
Makhleb
Nemelex Xobeh
Okawaru
Qazlal
Ru
Sif Muna
Trog
Uskayaw
Vehumet
Wu Jian
Yredelemnul
Zin
The Shining One

Shops:
D:6 [

Annotations:
D:5 Prince Ribbit


Innate Abilities, Weirdness & Mutations

You have razor-sharp toenails.
You are slightly more attuned to the shadows.
You regenerate health from kills.
You are resistant to electric shocks. (rElec)


Message History

The orc warrior hits you with a cursed +0 dire flail!
* * * LOW HITPOINT WARNING * * *
Unknown command.
Okay, then.
The orc warrior hits you but does no damage.
The orc wizard gestures wildly while chanting.
The orc wizard seems to speed up.
The orc warrior seems less drained.
Unknown command.
Aiming: Upheaval
Press: ? - help, Dir - move target cursor, f - orc warrior
Aim: an orc warrior, wielding a +0 dire flail and wearing a +0 chain mail (moderately wounded) Magma suddenly erupts from the ground!
The blast of magma engulfs the orc warrior!
The orc warrior is severely wounded.
The blast of magma engulfs the orc wizard!!
You kill the orc wizard!
Qazlal accepts your kill.
The orc warrior hits you with a cursed +0 dire flail!!
You die...

+^....# ####..# #..#
##..# #####...#
######### #.o).o#.#
#.......## #.##..#.#
#.......≈###.##......#
######
#....@o○o.o..##...#..#
#....#
#....§...########.#..#
#.##.#####........# .#
#
###.##....##........#
##
....##....'.........#
#######...###.......#
##### #########


You could see an orc warrior and 2 orcs.

Vanquished Creatures
  Joseph (D:7)
  Duvessa (D:7)
  An orc warrior (D:6)
  2 sky beasts
  2 ogres
  An eye of draining (D:8)
  A phantom (D:6)
  4 bullfrogs
  Dowan (D:7)
  A scorpion (D:4)
  5 wights (D:4)
  4 centaur zombies
  5 crimson imps
  3 bullfrog zombies (D:5)
  A hound (D:4)
  2 orc priests
  2 jellies
  An orc wizard (D:8)
  A bullfrog skeleton (D:5)
  A centaur skeleton (D:5)
  3 iguanas
  Natasha (D:2)
  6 worker ants
  3 hound zombies
  2 hound skeletons
  2 worker ant zombies (D:5)
  12 adders
  A shadow imp (D:7)
  An ooze (D:2)
  An adder zombie (D:5)
  2 adder skeletons (D:6)
  4 worms (D:2)
  A dart slug (D:3)
  7 leopard geckos
  10 orcs
  7 ball pythons
  7 giant cockroaches
  3 goblins
  2 hobgoblins
  10 jackals
  4 quokkas
  9 bats
  5 frilled lizards
  4 kobolds
  A leopard gecko zombie (D:5)
  A quokka zombie (D:5)
  7 rats
156 creatures vanquished.

Vanquished Creatures (others)
  An orc wizard (D:6)
1 creature vanquished.

Grand Total: 157 creatures vanquished

Notes
Turn   | Place    | Note
-------+----------+-------------------------------------------
     0 | D:1      | floatRand the Demonspawn Monk began the quest for the Orb.
     0 | D:1      | Reached XP level 1. HP: 18/18 MP: 1/1
   120 | D:1      | Reached skill level 3 in Axes
   184 | D:1      | Gained mutation: You have sharp toenails. [demonic
                  | ancestry]
   184 | D:1      | Reached XP level 2. HP: 21/24 MP: 2/2
   281 | D:1      | Found a shattered altar of Ashenzari.
   524 | D:2      | Reached skill level 1 in Armour
   526 | D:2      | Gained mutation: You regenerate a little health from kills.
                  | [demonic ancestry]
   526 | D:2      | Reached XP level 3. HP: 29/29 MP: 3/3
  1160 | D:2      | Noticed Natasha
  1173 | D:2      | Killed Natasha
  1173 | D:2      | Reached skill level 4 in Axes
  1187 | D:2      | Gained mutation: You regenerate health from kills. [demonic
                  | ancestry]
  1187 | D:2      | Reached XP level 4. HP: 35/35 MP: 4/4
  1884 | D:3      | Noticed a sky beast
  2164 | D:3      | Gained mutation: You are resistant to electric shocks.
                  | (rElec) [potion of mutation]
  2164 | D:3      | Gained mutation: You have razor-sharp toenails. [potion of
                  | mutation]
  2184 | D:3      | Killed a sky beast
  2184 | D:3      | Gained mutation: You are slightly more attuned to the
                  | shadows. [demonic ancestry]
  2184 | D:3      | Reached XP level 5. HP: 7/41 MP: 5/5
  2579 | D:4      | Reached skill level 5 in Axes
  2606 | D:4      | Reached XP level 6. HP: 42/47 MP: 6/6
  2628 | D:4      | Found a glowing drain.
  2651 | Sewer    | Entered a sewer
  3002 | D:4      | Found a staircase to the Ecumenical Temple.
  3018 | Temple   | Entered the Ecumenical Temple
  3175 | D:4      | Reached skill level 6 in Axes
  3183 | D:4      | Reached XP level 7. HP: 50/52 MP: 7/7
  3210 | D:4      | HP: 1/52 [wight/+1 trident (2)]
  4222 | D:5      | Entered Level 5 of the Dungeon
  4322 | D:5      | Reached skill level 7 in Axes
  4767 | D:5      | Reached XP level 8. HP: 10/58 MP: 8/8
  5102 | D:5      | Reached skill level 5 in Armour
  5122 | D:5      | Noticed Prince Ribbit
  5136 | D:5      | Found a sparkling altar of Nemelex Xobeh.
  5222 | D:5      | Reached skill level 8 in Axes
  5375 | D:6      | Found Rainamn's Armour Shoppe.
  5390 | D:6      | Got a ruby-encrusted leather armour
  5398 | D:6      | Identified the +2 leather armour of Ycuires {rC+} (You
                  | found it on level 6 of the Dungeon)
  6238 | D:6      | Found a shimmering blue altar of Sif Muna.
  6255 | D:6      | Found a stormy altar of Qazlal.
  6293 | D:6      | Became a worshipper of Qazlal Stormbringer
  6293 | D:6      | Reached * piety under Qazlal
  6293 | D:6      | Reached ** piety under Qazlal
  6664 | D:7      | Reached skill level 9 in Axes
  6718 | D:7      | Noticed Joseph
  6745 | D:7      | Killed Joseph
  6745 | D:7      | Reached XP level 9. HP: 6/63 MP: 2/12
  6823 | D:7      | Noticed Duvessa
  6825 | D:7      | Noticed Dowan
  6840 | D:7      | Killed Duvessa
  6851 | D:7      | Killed Dowan
  7075 | D:7      | Reached skill level 5 in Invocations
  7438 | D:7      | Found a glowing silver altar of Zin.
  7583 | D:7      | Found a white marble altar of Elyvilon.
  8037 | D:8      | Slain by an orc warrior

Levels and vault maps discovered:
D:1:      sevenhm_arrival_forest_fort_small_6, layout_basic, interstate_on_off,
          chequers_serial_rivers_room_b
D:2:      layout_basic, first_ration, uniq_natasha
D:3:      layout_rooms, serial_park_tiny_pond, bh_chokoban
D:4:      layout_basic, minmay_temple_entry_slanted, portal_sewer_entry_d,
          chequers_serial_rivers_small_b
D:5:      layout_loops_corners, nicolae_overflow_crystal_walls, serial_undead,
          serial_undead_f, serial_undead_d, serial_undead_b, serial_undead_f,
          uniq_prince_ribbit1
D:6:      layout_basic, minitemple, serial_shops, shop
D:7:      layout_basic, lemuel_doored_altar, elyvilon_altar_3, uniq_duvessa,
          uniq_joseph
D:8:      layout_basic, uniq_grum, uniq_psyche, uniq_pikel, uniq_harold
Temple:   eino_wide_crystal_templ

Skill      XL: |  1  2  3  4  5  6  7  8  9 |
---------------+----------------------------+-----
Axes           | 3 4 5 6 7 9 |  9.4
Armour         | 1 2 3 4 5 |  5.7
Invocations    | 4 6 |  6.2
Dodging        | 3 4 |  4.1
Fighting       | |  3.0
Stealth        | |  1.7

Action                   |  1- 3 |  4- 6 |  7- 9 || total
-------------------------+-------+-------+-------++-------
Melee: Hand axe          |    55 |   167 |    26 ||   248
       Kick              |    17 |    55 |   155 ||   227
       Unarmed           |    10 |       |       ||    10
       Falchion          |       |       |   351 ||   351
Invok: Upheaval          |       |       |     3 ||     3
  Use: Scroll            |     4 |     2 |     6 ||    12
       Potion            |       |     8 |     6 ||    14
 Stab: Sleeping          |       |     1 |     5 ||     6
       Invisible         |       |     5 |     2 ||     7
       Distracted        |       |       |     1 ||     1
  Eat: Chunk             |     1 |     6 |    10 ||    17
       Ration            |       |       |     2 ||     2
Armor: Ring mail         |    26 |    47 |    61 ||   134
       Robe              |     3 |       |       ||     3
       Skin              |     1 |       |       ||     1
       Scale mail        |       |       |    74 ||    74
       Leather armour    |       |       |     5 ||     5
Dodge: Dodged            |    48 |    98 |   265 ||   411
Block: Other             |       |       |     9 ||     9
       Rpst.: Falchion   |       |       |    79 ||    79

Table legend:
 A = Non-vault XP
 B = Vault XP
 C = Vault XP percentage of total XP
 D = Non-vault monster count
 E = Vault monster count
 F = Vault count percentage of total count
                 A         B        C        D         E       F
            +---------+---------+-------+---------+---------+-------
      Total |    2748 |    1364 |  33.2 |     119 |      38 |  24.2
            +---------+---------+-------+---------+---------+-------
        D:1 |      21 |       0 |   0.0 |      13 |       0 |   0.0
        D:2 |      76 |      35 |  31.5 |      23 |       1 |   4.2
        D:3 |     162 |       0 |   0.0 |       9 |       0 |   0.0
        D:4 |     595 |      13 |   2.1 |      23 |       1 |   4.2
        D:5 |     250 |     417 |  62.5 |      10 |      14 |  58.3
        D:6 |     816 |       0 |   0.0 |      16 |       0 |   0.0
        D:7 |     590 |     679 |  53.5 |      18 |       3 |  14.3
        D:8 |     238 |       0 |   0.0 |       7 |       0 |   0.0
      Sewer |       0 |     220 | 100.0 |       0 |      19 | 100.0
            +---------+---------+-------+---------+---------+-------
